 Dungeon Crawl Stone Soup version 0.31-a0-986-g5e6e4ef867 (webtiles) character file.

Game seed: 12736757324572763193

161 Crabhammer the Magician (level 5, -8/31 HPs)
             Began as an Octopode Hedge Wizard on Nov 24, 2023.
             Killed from afar by an orc wizard (11 damage)
             ... with a puff of flame
             ... on level 3 of the Dungeon on Nov 25, 2023.
             The game lasted 00:13:28 (2718 turns).

Crabhammer the Magician (Octopode Hedge Wizard)     Turns: 2718, Time: 00:13:31

Health: -8/31      AC:  1    Str:  9    XL:     5   Next: 42%
Magic:  3/10       EV: 13    Int: 17    God:
Gold:   159        SH:  0    Dex: 13    Spells: 6/11 levels left

rFire   . .          .
                       - Unarmed
rCold   . . .        (no shield)
rNeg    . . .        b - +0 hat
rPois   .            (no amulet)
rElec   .            (no ring)
rCorr   .            (no ring)
SInv    .            (no ring)
Will    .....        (no ring)
Stlth   +++          (no ring)
HPRegen 0.25/turn    (no ring)
MPRegen 0.12/turn    (no ring)
                     (no ring)

%: no passive effects
@: very slightly contaminated
A: almost no armour, amphibious, 8 rings, camouflage 1, gelatinous body 1,
(nimble swimmer 1), tentacles
a: no special abilities


You were on level 3 of the Dungeon.
You visited 1 branch of the dungeon, and saw 3 of its levels.

You collected 159 gold pieces.

Inventory:

Hand Weapons
 a - a +0 dagger
Armour
 b - a +0 hat (worn)
Jewellery
 h - a ring of fire
Scrolls
 d - a scroll of vulnerability {unknown}
 e - a scroll of silence {unknown}
 f - 2 scrolls of amnesia {unknown}
 j - a scroll of poison {unknown}
 k - a scroll of noise {unknown}
 m - a scroll of butterflies {unknown}
 n - a scroll of revelation {unknown}
 q - a scroll of immolation {unknown}
Potions
 c - a potion of magic
 g - a potion of resistance {unknown}
 i - a potion of brilliance {unknown}
 l - a potion of cancellation {unknown}
 o - a potion of curing {unknown}
 p - a potion of degeneration {unknown}
 r - a potion of heal wounds {unknown}
 s - a potion of mutation {unknown}
 t - a potion of enlightenment {unknown}


   Skills:
 - Level 2.0 Dodging
 - Level 2.6 Stealth
 * Level 2.8 Unarmed Combat
 - Level 3.7 Spellcasting
 + Level 3.0 Conjurations
 + Level 1.4 Summonings
 - Level 1.0 Translocations


You had 6 spell levels left.
You knew the following spells:

 Your Spells              Type           Power      Damage    Failure   Level
a - Magic Dart            Conj           52%        1d5       4%          1
b - Blink                 Tloc           12%        N/A       16%         2
c - Call Imp              Summ           16%        N/A       14%         2

Your spell library contained the following spells:

 Spells                   Type           Power      Damage    Failure   Level
 Slow                     Hex            12%        N/A       16%         1
 Cigotuvi's Dreadful Rot  Necr/Pois/Air  6%         N/A       24%         2
 Mephitic Cloud           Conj/Pois/Air  6%         N/A       32%         3


Dungeon Overview and Level Annotations

Branches:
Dungeon (3/15)

Altars:
Hepliaklqana


Innate Abilities, Weirdness & Mutations

You cannot wear most types of armour.
You are amphibious.
You can wear up to eight rings at the same time.
Your skin changes colour to match your surroundings (Stealth+).
Your rubbery body absorbs attacks. (AC +1, EV +1)
((You are camouflaged when in or above water. (Stealth+)))
You have tentacles for arms and can constrict up to eight enemies at once.


Message History

Aim: an adder (ally target, 100% to hit)
The magic dart hits something but does no damage.
Something hits you.
* * * LOW HITPOINT WARNING * * *
Aiming: Magic Dart (safe; 4% risk of failure)
Press: ? - help, Q - select action, (/) - cycle Shift-Dir - straight line, f/p - adder
Aim: an adder (ally target, 100% to hit)
The magic dart hits something.
Something hits you.
* * * LOW HITPOINT WARNING * * *
Press: ? - help, v - describe, . - travel A rock wall.
Unknown command.
You swap places.
A magic dart appears from out of thin air!
The magic dart hits your cerulean imp.
Something barely misses your cerulean imp.
Something completely misses your cerulean imp.
Your cerulean imp appears confused.
Your cerulean imp hits you but does no damage.
Your cerulean imp hits itself with a -4 spear.
A puff of flame appears from out of thin air!
The puff of flame hits your cerulean imp.
A puff of flame appears from out of thin air!
The puff of flame misses you.
Found a hazy altar of Hepliaklqana.
Found an escape hatch in the floor.
Your cerulean imp seems less confused.
Found a stone staircase leading up.
A puff of flame appears from out of thin air!
The puff of flame hits you!
* * * LOW HITPOINT WARNING * * *
Casting: Magic Dart (safe; 4% risk of failure)
Confirm with . or Enter, or press ? or * to list all spells.
You miscast Call Imp.
You are very lightly contaminated with residual magic.
Nothing appears to happen.
A puff of flame appears from out of thin air!
The puff of flame hits you!
You die...

#.# #.#..... ..# #.##.#.###.#.
#.##.#.#..... # #.##.#.#.....
### .# #.##.#..... <....
####.###.
#.##.#..######.#########........
#...............@........≈≈≈≈≈≈.
)............†.........{.§≈≈≈≈≈.
####.#..###....#########.≈≈_§§≈.
#....#..##..#####.{.5....≈≈8>≈≈.
#.##.#..##.## ##.#####..§§≈≈≈≈.
.....#..#..# #........§≈≈≈≈≈≈.
...#......## #........§§§§....
...#.....## #...........###.#
.#.#.....# ####........#### #


There were no monsters in sight!

Vanquished Creatures
  A black bear (D:3)
  2 adders (D:2)
  2 orcs (D:3)
  6 ball pythons
  7 bats
  4 endoplasms
  4 giant cockroaches
  5 goblins
  2 hobgoblins
  5 kobolds
  6 quokkas
  3 frilled lizards
  2 rats
49 creatures vanquished.

Vanquished Creatures (collateral kills)
  A frilled lizard (D:2)
  A kobold (D:3)
2 creatures vanquished.

Grand Total: 51 creatures vanquished

Notes
Turn   | Place    | Note
-------+----------+-------------------------------------------
     0 | D:1      | Crabhammer the Octopode Hedge Wizard began the quest for
                  | the Orb.
     0 | D:1      | Reached XP level 1. HP: 11/11 MP: 4/4
   225 | D:1      | Reached XP level 2. HP: 17/17 MP: 4/6
   956 | D:1      | Reached XP level 3. HP: 18/21 MP: 1/8
  1016 | D:1      | Learned a level 2 spell: Blink
  1019 | D:1      | Learned a level 2 spell: Call Imp
  1197 | D:1      | Reached skill level 1 in Unarmed Combat
  2094 | D:2      | Reached XP level 4. HP: 20/27 MP: 0/9
  2447 | D:3      | Noticed a black bear
  2458 | D:3      | Killed a black bear
  2459 | D:3      | Reached XP level 5. HP: 26/31 MP: 2/10
  2705 | D:3      | Found a hazy altar of Hepliaklqana.
  2718 | D:3      | Killed from afar by an orc wizard

Illustrated notes

Levels and vault maps discovered:
D:1:      dpeg_arrival_tiny_a, layout_loops_corners, minmay_gold_behind_fungi
D:2:      layout_loops_ring
D:3:      layout_basic, general_overflow_altar, minivault_26

Skill      XL: |  1  2  3  4  5 |
---------------+----------------+-----
Unarmed Combat | 1 2 |  2.8
Conjurations   | 2 3 |  3.0
Dodging        | |  2.0
Stealth        | |  2.6
Spellcasting   | |  3.7
Summonings     | |  1.4
Translocations | |  1.0

Action                     |  1- 3 |  4- 6 || total
---------------------------+-------+-------++-------
  Melee: Unarmed           |    35 |    24 ||    59
         Constrict         |    11 |     5 ||    16
         Tentacles         |    10 |     6 ||    16
   Cast: Magic Dart        |    78 |    20 ||    98
         Call Imp          |     1 |     7 ||     8
   Stab: Sleeping          |     4 |     1 ||     5
 Armour: Skin              |    12 |    13 ||    25
  Dodge: Dodged            |    23 |     9 ||    32

Table legend: (Time is in decaauts)
 A = Elapsed time spent in this place.
 B = Non-inter-level travel time spent in this place.
 C = Inter-level travel time spent in this place.
 D = Time resting spent in this place.
 E = Time spent auto-exploring this place.
 F = Levels seen in this place.
 G = Mean time per level.
                   A        B        C        D        E       F      G
               +--------+--------+--------+--------+--------+-----+--------+
         Total |   2714 |   2644 |     70 |    702 |   1174 |   3 |  904.7 |
       Dungeon |   2714 |   2644 |     70 |    702 |   1174 |   3 |  904.7 |
               +--------+--------+--------+--------+--------+-----+--------+

Top non-repeatable levels by time:
     D:1: 1368 daAuts
     D:2: 1025 daAuts
     D:3: 321 daAuts
